 Dungeon Crawl Stone Soup version 0.19.1 (webtiles) character file.

6726 nikopol the Cleaver (level 10, 0/91 HPs)
             Began as a Minotaur Berserker on Dec 10, 2016.
             Was a High Priest of Trog.
             Slain by an unseen horror (6 damage)
             ... on level 10 of the Dungeon.
             The game lasted 00:23:48 (9658 turns).

nikopol the Cleaver (Minotaur Berserker)            Turns: 9658, Time: 00:23:50

Health: 0/91       AC: 12    Str: 22    XL:     10   Next: 74%
Magic:  9/9        EV: 16    Int:  4    God:    Trog [*****.]
Gold:   567        SH:  6    Dex: 13    Spells: 0 memorised, 9 levels left

rFire  . . .     SeeInvis .     a - +0 war axe
rCold  + + +     Gourm    +     P - +3 ring mail of the Orb {*Corrode +Blink rC++}
rNeg   . . .     Faith    .     C - +0 buckler (curse)
rPois  .         Spirit   .     (helmet restricted)
rElec  .         Reflect  .     x - +2 cloak
rCorr  .         Harm     .     g - +0 pair of gloves
MR     .....                    d - +0 pair of boots
Stlth  +.........               Q - amulet of the gourmand
                                (no ring)
                                t - ring of protection from cold

@: corroded
A: retaliatory headbutt, horns 2
a: Berserk, Trog's Hand, Brothers in Arms, Burn Spellbooks, Renounce Religion,
Evoke Blink


You were on level 10 of the Dungeon.
You worshipped Trog.
Trog was extremely pleased with you.
You were very full.

You visited 1 branch of the dungeon, and saw 10 of its levels.

You collected 567 gold pieces.

Inventory:

Hand Weapons
 a - a +0 war axe (weapon)
 G - a +0 hand axe
Missiles
 l - 91 arrows
Armour
 d - a +0 pair of boots (worn)
 g - a +0 pair of gloves (worn)
 h - a +0 chain mail
 x - a +2 cloak (worn)
 C - a cursed +0 buckler (worn)
 P - the +3 ring mail of the Orb (worn) {*Corrode +Blink rC++}
   (You found it on level 10 of the Dungeon)

   It greatly protects you from cold.
   It lets you blink.
   It may corrode you when you take damage.
Jewellery
 t - a ring of protection from cold (left hand)
 Q - an amulet of the gourmand (around neck)
Wands
 s - a wand of teleportation (5/9)
 u - a wand of random effects (28/48)
 J - a wand of disintegration (14/24)
 L - a wand of flame (20/48)
 R - a wand of digging (14/24)
Scrolls
 e - 4 scrolls of identify {unknown}
 j - 5 scrolls of remove curse {unknown}
 k - 6 scrolls of recharging {unknown}
 n - 2 scrolls of amnesia {unknown}
 o - a scroll of fog {unknown}
 p - 3 scrolls of teleportation {unknown}
 q - 2 scrolls of enchant weapon {unknown}
 y - 2 scrolls of random uselessness {unknown}
 D - 5 scrolls of enchant armour {unknown}
 E - a scroll of noise {unknown}
 H - 2 scrolls of immolation {unknown}
 S - a scroll of magic mapping {unknown}
Potions
 b - a potion of lignification {unknown}
 f - a potion of heal wounds {unknown}
 i - 2 potions of mutation {unknown}
 m - 3 potions of magic {unknown}
 r - 3 potions of flight {unknown}
 v - 2 potions of agility {unknown}
 w - 2 potions of degeneration {unknown}
 z - 3 potions of curing {unknown}
 K - a potion of resistance
 N - a potion of cancellation {unknown}
Books
 F - a book of Minor Magic

   Spells                             Type                      Level
   a - Magic Dart                     Conjuration                  1
   b - Blink                          Translocation                2
   c - Call Imp                       Summoning                    2
   d - Repel Missiles                 Charms/Air                   2
   e - Slow                           Hexes                        2
   f - Conjure Flame                  Conjuration/Fire             3
   g - Mephitic Cloud                 Conjuration/Poison/Air       3
   Trog disapproves of the use of such an item.
 O - a book of Minor Magic

   Spells                             Type                      Level
   a - Magic Dart                     Conjuration                  1
   b - Blink                          Translocation                2
   c - Call Imp                       Summoning                    2
   d - Repel Missiles                 Charms/Air                   2
   e - Slow                           Hexes                        2
   f - Conjure Flame                  Conjuration/Fire             3
   g - Mephitic Cloud                 Conjuration/Poison/Air       3
   Trog disapproves of the use of such an item.
Comestibles
 c - 12 bread rations
 A - 2 meat rations
 B - a royal jelly
 I - 6 beef jerkies
 M - 3 fruits


   Skills:
 + Level 9.6 Fighting
 + Level 10.1 Axes
 + Level 9.6 Armour
 + Level 8.6 Dodging
 + Level 7.2 Shields


You had 9 spell levels left.
You didn't know any spells.

Dungeon Overview and Level Annotations

Branches:
Dungeon (10/15)            Temple (0/1) D:6
   Lair: D:8-11         Orc: D:9-12

Altars:
Dithmenos
Elyvilon
Fedhas
Makhleb
Nemelex Xobeh
Okawaru
Uskayaw
Xom

Shops:
D:6 (


Innate Abilities, Weirdness & Mutations

You reflexively headbutt those who attack you in melee.
You have a pair of horns on your head.


Message History

* * * LOW HITPOINT WARNING * * *
Something barely misses you. Something hits you but does no damage.
Something hits you.
* * * LOW HITPOINT WARNING * * *
Something hits you but does no damage. Something hits you.
* * * LOW HITPOINT WARNING * * *
Something hits you.
* * * LOW HITPOINT WARNING * * *
You block something's attack.
You miss something. Something hits you.
* * * LOW HITPOINT WARNING * * *
Something hits you but does no damage.
You barely miss something. You headbutt something.
Something hits you but does no damage. x2
You slash something! Your headbutt misses something.
Something hits you but does no damage. Something barely misses you.
You slash something! Something hits you.
You die...

#######################
.........@............#
####...#######.......#
#...# #.......# #...#
#)......# #...#
#.......# #...#
#.......# #...#
#.......# #...#
#.......# #...#
#.......#


There were no monsters in sight!

Vanquished Creatures
  A hill giant (D:10)
  Pikel (D:9)
  The ghost of Philosophy the Shield-Bearer, an amateur FoFi (D:3)
  Prince Ribbit (D:8)
  3 slime creatures (D:8)
  2 hippogriffs
  A steam dragon (D:8)
  A water moccasin (D:7)
  Duvessa (D:5)
  An orc warrior (D:9)
  A slave (D:9)
  A black bear (D:10)
  2 phantoms
  An ice beast (D:7)
  3 sky beasts
  An eye of draining (D:9)
  A necrophage (D:5)
  9 ogres
  2 big kobolds
  6 bullfrogs
  Dowan (D:5)
  A wyvern skeleton (D:9)
  2 scorpions
  5 howler monkeys
  2 bullfrog zombies
  4 crimson imps
  4 hounds
  2 jellies (D:7)
  Crazy Yiuf (D:5)
  3 orc priests (D:7)
  4 orc wizards
  2 centaur skeletons
  An iguana (D:5)
  2 bullfrog skeletons
  15 worker ants
  A worker ant zombie (D:4)
  13 gnolls
  14 adders
  3 shadow imps
  2 oozes (D:3)
  2 adder zombies
  An adder skeleton (D:6)
  3 worms
  2 dart slugs (D:1)
  12 leopard geckos
  25 orcs
  3 giant cockroaches
  34 goblins
  31 hobgoblins
  14 jackals
  5 quokkas
  3 ball pythons
  4 bats
  A frilled lizard (D:1)
  A jackal skeleton (D:5)
  12 kobolds
  A leopard gecko skeleton (D:4)
  A quokka skeleton (D:6)
  8 rats
285 creatures vanquished.

Vanquished Creatures (others)
  A quokka (D:9)
1 creature vanquished.

Grand Total: 286 creatures vanquished

Notes
Turn   | Place    | Note
-------+----------+-------------------------------------------
     0 | D:1      | nikopol the Minotaur Berserker began the quest for the Orb.
     0 | D:1      | Reached XP level 1. HP: 19/19 MP: 0/0
     2 | D:1      | Noticed a tengu
     2 | D:1      | Noticed a dwarf
     4 | D:1      | Noticed a demigod
     6 | D:1      | Noticed a human
     6 | D:1      | Noticed a vampire
     8 | D:1      | Noticed a troll
     8 | D:1      | Noticed a draconian
    10 | D:1      | Noticed an elf
    10 | D:1      | Noticed a formicid
    12 | D:1      | Noticed a felid
    12 | D:1      | Noticed a ghoul
    14 | D:1      | Noticed a naga
    14 | D:1      | Noticed a halfling
    16 | D:1      | Noticed a gargoyle
    18 | D:1      | Noticed an octopode
    18 | D:1      | Noticed a centaur
    20 | D:1      | Noticed an ogre
    20 | D:1      | Noticed a merfolk
    22 | D:1      | Noticed a spriggan
    24 | D:1      | Noticed a vine stalker
    24 | D:1      | Noticed a demonspawn
    26 | D:1      | Noticed a minotaur
    77 | D:1      | Reached XP level 2. HP: 27/27 MP: 1/1
    77 | D:1      | Reached skill level 4 in Axes
   430 | D:1      | Reached XP level 3. HP: 31/33 MP: 2/2
   696 | D:2      | Reached ** piety under Trog
   726 | D:2      | Found a faded altar of an unknown god.
   849 | D:2      | Found an iron altar of Okawaru.
   855 | D:2      | Found a shimmering altar of Xom.
   870 | D:2      | Found a white marble altar of Elyvilon.
   873 | D:2      | Found a burning altar of Makhleb.
  1013 | D:2      | Reached XP level 4. HP: 40/40 MP: 3/3
  1789 | D:3      | Reached XP level 5. HP: 41/47 MP: 4/4
  1851 | D:3      | Noticed Philosophy's ghost (amateur FoFi)
  1858 | D:3      | Killed Philosophy's ghost
  1858 | D:3      | Reached skill level 5 in Fighting
  1858 | D:3      | Reached skill level 5 in Axes
  1858 | D:3      | Reached XP level 6. HP: 56/56 MP: 5/5
  1864 | D:3      | Reached *** piety under Trog
  1932 | D:3      | Reached skill level 5 in Armour
  2382 | D:4      | Reached XP level 7. HP: 61/61 MP: 6/6
  2667 | D:4      | Reached skill level 6 in Axes
  3086 | D:5      | Entered Level 5 of the Dungeon
  3181 | D:5      | Reached skill level 5 in Dodging
  3198 | D:5      | Reached skill level 1 in Shields
  3208 | D:5      | Reached **** piety under Trog
  3336 | D:5      | Noticed Dowan
  3337 | D:5      | Noticed Duvessa
  3355 | D:5      | Killed Duvessa
  3357 | D:5      | Killed Dowan
  3357 | D:5      | Reached XP level 8. HP: 43/70 MP: 7/7
  3532 | D:5      | Found a runed door.
  3779 | D:5      | Reached skill level 7 in Axes
  4188 | D:5      | Reached ***** piety under Trog
  4733 | D:5      | Noticed Crazy Yiuf
  4742 | D:5      | Killed Crazy Yiuf
  5184 | D:6      | Found a blossoming altar of Fedhas.
  5208 | D:6      | Found a staircase to the Ecumenical Temple.
  5502 | D:6      | Reached XP level 9. HP: 73/79 MP: 8/8
  5874 | D:6      | Found Neshros's Antique Weapon Shoppe.
  6341 | D:6      | Reached skill level 8 in Axes
  6718 | D:7      | Reached skill level 5 in Shields
  7084 | D:7      | Received a gift from Trog
  7151 | D:7      | Reached skill level 9 in Axes
  7164 | D:8      | Noticed Prince Ribbit
  7428 | D:8      | Reached XP level 10. HP: 55/90 MP: 9/9
  7679 | D:8      | Found a sparkling altar of Nemelex Xobeh.
  7983 | D:8      | Killed Prince Ribbit
  8187 | D:8      | Found a hide-covered altar of Uskayaw.
  8555 | D:9      | Noticed Pikel
  8580 | D:9      | Killed Pikel
  8816 | D:9      | Found a shadowy altar of Dithmenos.
  9148 | D:10     | Entered Level 10 of the Dungeon
  9160 | D:10     | Got a scorched ring mail
  9171 | D:10     | Identified the +3 ring mail of the Orb {*Corrode +Blink rC++} (You found it on level 10 of the Dungeon)
  9285 | D:10     | Got a jewelled trident
  9286 | D:10     | Identified the +8 trident "Dierapn" {pierce, rN+ Str-4 Dex+4} (You found it on level 10 of the Dungeon)
  9370 | D:10     | Noticed a hill giant
  9381 | D:10     | Killed a hill giant
  9381 | D:10     | Reached skill level 10 in Axes
  9658 | D:10     | Slain by an unseen horror

Skill      XL: |  1  2  3  4  5  6  7  8  9 10 |
---------------+-------------------------------+-----
Axes           | 4 5 6 7 9 10 | 10.1
Armour         | 3 4 5 7 8 9 |  9.6
Fighting       | 4 5 6 7 8 9 |  9.6
Dodging        | 3 4 5 6 7 8 |  8.6
Shields        | 2 4 5 7 |  7.2

Action                   |  1- 3 |  4- 6 |  7- 9 | 10-12 || total
-------------------------+-------+-------+-------+-------++-------
Melee: Hand axe          |    81 |   103 |   520 |   130 ||   834
       Headbutt          |    10 |    19 |   140 |    61 ||   230
       War axe           |       |       |       |    71 ||    71
Invok: Burn Spellbooks   |       |     1 |       |       ||     1
       Berserk           |       |     1 |     1 |       ||     2
  Eat: Chunk             |       |     5 |    18 |    22 ||    45
Armor: Animal skin       |     3 |       |       |       ||     3
       Chain mail        |    46 |    50 |   219 |    47 ||   362
       Ring mail         |       |       |       |    60 ||    60
Dodge: Dodged            |    48 |    37 |   237 |    97 ||   419
Block: Buckler           |       |       |    78 |    44 ||   122
